 Dungeon Crawl Stone Soup version 0.21.1-1-g345015fe64 (webtiles) character file.

3338 Loge the Cleaver (level 9, -5/81 HPs)
             Began as a Minotaur Berserker on July 13, 2018.
             Was an Elder of Trog.
             Slain by a two-headed ogre
             ... wielding a +0 giant club
             ... summoned by the player character
              (27 damage)
             ... on level 7 of the Dungeon.
             The game lasted 00:15:45 (5350 turns).

Loge the Cleaver (Minotaur Berserker)               Turns: 5350, Time: 00:15:46

Health: -5/81      AC: 13    Str: 26    XL:     9   Next: 72%
Magic:  8/8        EV:  8    Int:  6    God:    Trog [****..]
Gold:   382        SH: 13    Dex:  9    Spells: 8/8 levels left

rFire    . . .     SeeInvis .   a - +0 hand axe
rCold    . . .     Gourm    .   r - +2 shield
rNeg     . . .     Faith    .   x - +0 chain mail
rPois    .         Spirit   .   (helmet restricted)
rElec    .         Reflect  .   I - +0 cloak
rCorr    .         Harm     .   E - +0 pair of gloves (curse)
MR       .....                  (no boots)
Stlth    ..........             (no amulet)
HPRegen  0.23/turn              G - +2 ring of intelligence
MPRegen  0.11/turn              (no ring)

@: berserk cooldown, slowed, very slow
A: retaliatory headbutt, horns 2
a: Berserk, Trog's Hand, Brothers in Arms, Burn Spellbooks, Renounce Religion


You were on level 7 of the Dungeon.
You worshipped Trog.
Trog was greatly pleased with you.
You were very hungry.

You visited 1 branch of the dungeon, and saw 7 of its levels.

You collected 382 gold pieces.

Inventory:

Hand Weapons
 a - a +0 hand axe (weapon)
 l - a +1 whip of electrocution
 B - a +0 shortbow
 L - a +0 battleaxe
Missiles
 f - 7 tomahawks
 g - 187 stones (quivered)
 s - 40 sling bullets
 y - 45 arrows
 A - 16 poisoned needles
 C - 52 bolts
Armour
 r - a +2 shield (worn)
 x - a +0 chain mail (worn)
 E - a cursed +0 pair of gloves (worn)
 I - a +0 cloak (worn)
Jewellery
 G - a +2 ring of intelligence (left hand)
Wands
 w - a wand of iceblast (9)
 J - a wand of scattershot (7)
Scrolls
 i - a scroll of blinking {unknown}
 j - 4 scrolls of teleportation
 m - 3 scrolls of enchant weapon {unknown}
 n - 2 scrolls of fog {unknown}
 o - 3 scrolls of immolation {unknown}
 p - a scroll of identify
 q - a scroll of magic mapping
 t - 2 scrolls of amnesia {unknown}
 z - a scroll of remove curse {unknown}
 F - a scroll of vulnerability {unknown}
 H - a scroll of random uselessness {unknown}
Potions
 b - 4 potions of curing
 d - 2 potions of lignification
 e - a potion of mutation
 h - 3 potions of brilliance
 k - a potion of resistance
 u - a potion of heal wounds
 v - a potion of haste
 D - a potion of agility
Comestibles
 c - 9 rations
 K - 4 chunks of flesh


   Skills:
 + Level 8.3 Fighting
 * Level 11.0 Axes
 + Level 7.7 Armour
 - Level 2.8 Dodging
 + Level 6.8 Shields


You had 8 spell levels left.
You didn't know any spells.

Dungeon Overview and Level Annotations

Branches:
Dungeon (7/15)             Temple (0/1) D:6

Altars:
Ashenzari
Fedhas
Gozag
Kikubaaqudgha
Ru
Uskayaw
Wu Jian

Shops:
D:6 }

Annotations:
D:6 exclusion: downstairs


Innate Abilities, Weirdness & Mutations

You reflexively headbutt those who attack you in melee.
You have a pair of horns on your head.


Message History

You are feeling very hungry.
The bullfrog hits you but does no damage.
You block the bullfrog's attack. x2
You swap places.
Your two-headed ogre hits the bullfrog with a giant club!!
The bullfrog dies!
Trog accepts your kill.
Your two-headed ogre hits the orc warrior with a giant club!
Your two-headed ogre hits the orc warrior with a dire flail!
The orc warrior dies!
Trog accepts your kill.
Your Axes skill increases to level 11!
Your two-headed ogre rages.
Your two-headed ogre hits something with a giant club!
Your two-headed ogre hits something with a dire flail.
You hear some strange, mumbled words.
Your two-headed ogre appears confused.
Your two-headed ogre barely misses something. x2
Your two-headed ogre hits you with a giant club!!
You die...

#.# # #.# # #.# # #
############.### .#
#...##.....#.... # ###########.
#...##.###.##### #............
#...##.#.....)..
##.#(........#####...##.#)#.#####
....c.......)o)O@......>..#.#####
#<......#.)####...######.#....
#.####..#..# ##### #.#.### #.. #
#..# #.#.# #... #... #.#.# .....
#.... #.#.# .#...# #.... #.# .
.... ...... #.# ## ##... #.#


You could see an orc and a friendly two-headed ogre (berserk).

Vanquished Creatures
  Sigmund (D:5)
  5 yaks
  A hungry ghost (D:5)
  Menkaure (D:5)
  A water moccasin (D:4)
  An orc warrior (D:7)
  2 ice beasts
  2 phantoms (D:5)
  2 ogres (D:4)
  3 centaurs
  2 bullfrogs
  Blork the orc (D:4)
  3 wights (D:7)
  3 crimson imps
  A centaur zombie (D:6)
  4 hounds
  A centaur skeleton (D:4)
  An orc priest (D:7)
  A bullfrog skeleton (D:4)
  A bullfrog zombie (D:7)
  4 jellies
  3 orc wizards (D:6)
  An iguana (D:6)
  2 worker ants
  A hound skeleton (D:6)
  6 adders
  2 oozes
  An adder zombie (D:7)
  An adder skeleton (D:4)
  A worm (D:3)
  3 dart slugs
  5 leopard geckos
  11 orcs
  2 bats
  A bat zombie (D:5)
  3 giant cockroaches
  6 goblins
  5 hobgoblins
  14 jackals
  11 kobolds
  2 quokkas
  A frilled lizard (D:1)
  A leopard gecko skeleton (D:5)
  6 rats
  A rat zombie (D:5)
131 creatures vanquished.

Vanquished Creatures (collateral kills)
  An orc warrior (D:7)
  A bullfrog (D:7)
2 creatures vanquished.

Grand Total: 133 creatures vanquished

Notes
Turn   | Place    | Note
-------+----------+-------------------------------------------
     0 | D:1      | Loge the Minotaur Berserker began the quest for the Orb.
     0 | D:1      | Reached XP level 1. HP: 19/19 MP: 0/0
    92 | D:1      | Reached XP level 2. HP: 22/27 MP: 1/1
   117 | D:1      | Reached skill level 4 in Axes
   708 | D:2      | Reached ** piety under Trog
   708 | D:2      | Reached XP level 3. HP: 30/33 MP: 2/2
  1423 | D:2      | Reached XP level 4. HP: 34/40 MP: 3/3
  1907 | D:3      | Found a hide-covered altar of Uskayaw.
  1931 | D:3      | Reached skill level 5 in Axes
  2455 | D:4      | Reached skill level 1 in Shields
  2455 | D:4      | Reached XP level 5. HP: 46/47 MP: 4/4
  2463 | D:4      | Noticed Blork the orc
  2469 | D:4      | Killed Blork the orc
  2491 | D:4      | Noticed a water moccasin
  2500 | D:4      | Killed a water moccasin
  2500 | D:4      | Reached skill level 5 in Fighting
  2500 | D:4      | Reached skill level 6 in Axes
  2500 | D:4      | Reached XP level 6. HP: 45/56 MP: 5/5
  2765 | D:4      | Reached XP level 7. HP: 50/61 MP: 6/6
  2766 | D:4      | Found an opulent altar of Gozag.
  2766 | D:4      | Found a shattered altar of Ashenzari.
  2788 | D:4      | Found a sacrificial altar of Ru.
  3117 | D:5      | Entered Level 5 of the Dungeon
  3131 | D:5      | Reached skill level 7 in Axes
  3153 | D:5      | Reached skill level 5 in Armour
  3164 | D:5      | Reached *** piety under Trog
  3212 | D:5      | Noticed a hungry ghost
  3228 | D:5      | Killed a hungry ghost
  3304 | D:5      | Reached XP level 8. HP: 55/70 MP: 7/7
  3336 | D:5      | Reached skill level 8 in Axes
  3762 | D:5      | Noticed Sigmund
  3765 | D:5      | Killed Sigmund
  3819 | D:5      | Noticed Menkaure
  3828 | D:5      | Killed Menkaure
  3828 | D:5      | Reached skill level 9 in Axes
  3828 | D:5      | Reached skill level 5 in Shields
  3881 | D:5      | Found an ancient bone altar of Kikubaaqudgha.
  4009 | D:6      | Found a blossoming altar of Fedhas.
  4255 | D:6      | Found Bivobriu's Gadget Emporium.
  4797 | D:6      | Reached **** piety under Trog
  4804 | D:6      | Found a staircase to the Ecumenical Temple.
  4908 | D:6      | Found an ornate altar of the Wu Jian Council.
  4970 | D:6      | Reached XP level 9. HP: 74/79 MP: 8/8
  5230 | D:7      | Reached skill level 10 in Axes
  5348 | D:7      | Reached skill level 11 in Axes
  5350 | D:7      | Slain by a two-headed ogre

Skill      XL: |  1  2  3  4  5  6  7  8  9 |
---------------+----------------------------+-----
Axes           | 4 5 6 7 9 11 | 11.0
Fighting       | 4 5 6 7 8 |  8.3
Armour         | 3 4 5 6 7 |  7.7
Shields        | 1 2 3 4 5 6 |  6.8
Dodging        | |  2.8

Action                   |  1- 3 |  4- 6 |  7- 9 || total
-------------------------+-------+-------+-------++-------
Melee: Hand axe          |    77 |    98 |   265 ||   440
       Headbutt          |     8 |    17 |    62 ||    87
Invok: Berserk           |       |     2 |     3 ||     5
       Brothers in Arms  |       |       |     1 ||     1
  Use: Scroll            |       |       |     9 ||     9
  Eat: Chunk             |     2 |     5 |    13 ||    20
Armor: Animal skin       |    11 |     6 |       ||    17
       Ring mail         |       |     4 |       ||     4
       Chain mail        |       |       |    64 ||    64
Dodge: Dodged            |    40 |    36 |    50 ||   126
Block: Shield            |       |    46 |   130 ||   176
